 Dungeon Crawl Stone Soup version 0.31-a0-424-g41b3b0883d (webtiles) character file.

Game seed: 16597736694841625755

329 Ethylacetat the Changeling (level 6, -2/42 HPs)
             Began as an Octopode Shapeshifter on July 30, 2023.
             Succumbed to nujazz's ghost's poison
             ... on level 3 of the Dungeon.
             The game lasted 00:06:33 (3093 turns).

Ethylacetat the Changeling (Octopode Shapeshifter)  Turns: 3093, Time: 00:06:33

Health: -2/42      AC:  1    Str: 15    XL:     6   Next: 50%
Magic:  7/15       EV: 13    Int: 10    God:
Gold:   101        SH:  0    Dex: 14    Spells: 5/5 levels left

rFire   . . .        e - +1 dagger (venom)
rCold   . . .        (no shield)
rNeg    . . .        (helmet currently unavailable)
rPois   .            c - amulet of guardian spirit
rElec   .            a - ring of magical power
rCorr   .            (no ring)
SInv    .            (no ring)
Will    .....        (no ring)
Stlth   ++           (no ring)
HPRegen 0.27/turn    (no ring)
MPRegen 0.14/turn    (no ring)
                     (no ring)

%: guardian spirit
@: lethally poisoned (-2 -> -22), beast-form
A: beast (slay +3), almost no armour, amphibious, 8 rings, camouflage 1,
gelatinous body 1, (nimble swimmer 1), tentacles, sense surroundings 1
a: Begin Untransformation


You were on level 3 of the Dungeon.
You were a hulking beast.
You visited 1 branch of the dungeon, and saw 3 of its levels.

You collected 158 gold pieces.
You spent 57 gold pieces at shops.

Inventory:

Hand Weapons
 e - a +1 dagger of venom (weapon)
Jewellery
 a - a ring of magical power (left tentacle)
 c - an amulet of guardian spirit (around mantle)
Talismans
 b - a beast talisman (active)
Wands
 r - a wand of flame (5)
Scrolls
 f - 5 scrolls of identify {unknown}
 g - 3 scrolls of noise {unknown}
 j - a scroll of brand weapon {unknown}
 k - 2 scrolls of teleportation {unknown}
 l - a scroll of immolation {unknown}
 m - a scroll of vulnerability {unknown}
 o - a scroll of poison {unknown}
Potions
 q - a potion of berserk rage {unknown}


   Skills:
 + Level 3.2 Fighting
 - Level 2.0 Dodging
 + Level 4.3 Unarmed Combat
 * Level 4.8 Shapeshifting


You had 5 spell levels left.
You didn't know any spells.
Your spell library contained the following spells:

 Spells                   Type           Power      Damage    Failure   Level
 Freeze                   Ice            0%         1d3       36%         1
 Frozen Ramparts          Ice            0%         1d1       75%         3
 Hailstorm                Conj/Ice       0%         3d3       75%         3


Dungeon Overview and Level Annotations

Branches:
Dungeon (3/15)

Altars:
Trog
Zin

Shops:
D:3 *

Annotations:
D:3 nujazz's ghost, amateur DsRe


Innate Abilities, Weirdness & Mutations

You are a hulking beast.
Your limbs bulge with bestial killing power. (Slay +3)
You cannot wear most types of armour.
You are amphibious.
You can wear up to eight rings at the same time.
Your skin changes colour to match your surroundings (Stealth+).
Your rubbery body absorbs attacks. (AC +1, EV +1)
((You are camouflaged when in or above water. (Stealth+)))
You have tentacles for arms and can constrict up to eight enemies at once.
You passively map a small area around you.


Message History

Aiming: Throw Flame
Press: ? - help, Shift-Dir - straight line, f/p - nujazz's ghost
Aim: nujazz's ghost, wielding a weapon of venom (heavily damaged, 72% to hit)
The puff of flame hits nujazz's ghost.
Nujazz's ghost is heavily damaged.
Aiming: Throw Flame
Press: ? - help, Shift-Dir - straight line, f/p - nujazz's ghost
Aim: nujazz's ghost, wielding a weapon of venom (heavily damaged, 72% to hit)
The puff of flame misses nujazz's ghost.
Nujazz's ghost takes a fighting stance.
You closely miss nujazz's ghost. Your squeeze misses nujazz's ghost.
Nujazz's ghost is heavily damaged.
Nujazz's ghost hits you.
You are poisoned.
You hit nujazz's ghost. You squeeze nujazz's ghost.
Nujazz's ghost is severely damaged.
You feel very sick. Nujazz's ghost hits you.
You hit nujazz's ghost but do no damage.
Nujazz's ghost is severely damaged.
You feel sick. Nujazz's ghost hits you.
You are more poisoned.
You barely miss nujazz's ghost.
Nujazz's ghost is severely damaged.
You feel very sick. Nujazz's ghost closely misses you.
You barely miss nujazz's ghost. You squeeze nujazz's ghost!
Nujazz's ghost is almost destroyed.
You feel sick. Nujazz's ghost hits you.
* * * LOW HITPOINT WARNING * * *
You are lethally poisoned!
You barely miss nujazz's ghost.
Nujazz's ghost is almost destroyed.
* * * LOW HITPOINT WARNING * * *
You feel very sick. Nujazz's ghost hits you.
* * * LOW HITPOINT WARNING * * *
You hit nujazz's ghost but do no damage.
Nujazz's ghost is almost destroyed.
You die...

......#.#..................# #
##....#.#..###.............# #
#....#.#..#...............# #
##....#.#..#.#.............# #
......#.#..................# #
......#.##.#...............######
......#..........................
<.....####.#.........#####.######
....### #.#...Wh#'#.# #.# ...##
#.##....#~#.#####.###
...#######.#.....#~#.'.......#
......'.###......#~#.####..#.#
....###...#'###'##~###..†.##.#
....##.⌠.⌠..# #.##)###.#####.#
....##..∩..####..#~#...# #.#
....#..⌠.⌠.#.##.## ##### #.#
##'##+#...##.##.#### #.#


You could see nujazz's ghost.

Vanquished Creatures
  A black bear (D:3)
  Natasha (thrice) (D:3)
  Robin (D:3)
  A gnoll (D:1)
  8 adders
  2 worms (D:2)
  2 dart slugs (D:1)
  An orc (D:2)
  3 endoplasms
  3 giant cockroaches
  11 goblins
  11 hobgoblins
  A quokka (D:2)
  7 ball pythons
  2 bats
  3 frilled lizards (D:3)
  2 kobolds
  5 rats
67 creatures vanquished.

Notes
Turn   | Place    | Note
-------+----------+-------------------------------------------
     0 | D:1      | Ethylacetat the Octopode Shapeshifter began the quest for
                  | the Orb.
     0 | D:1      | Reached XP level 1. HP: 13/13 MP: 1/1
    53 | D:1      | Reached XP level 2. HP: 10/18 MP: 0/2
   413 | D:1      | Reached XP level 3. HP: 23/23 MP: 3/3
   898 | D:2      | Reached XP level 4. HP: 26/29 MP: 4/4
  1259 | D:2      | Found a bloodstained altar of Trog.
  1976 | D:3      | Noticed a black bear
  1984 | D:3      | Killed a black bear
  1985 | D:3      | Reached XP level 5. HP: 35/35 MP: 5/5
  2010 | D:3      | Found Xaogil's Assorted Antiques.
  2015 | D:3      | Bought a scroll labelled RAGGIQOMAZ for 21 gold pieces
  2015 | D:3      | Bought a fizzy orange potion for 18 gold pieces
  2015 | D:3      | Bought a murky puce potion for 18 gold pieces
  2031 | D:3      | Found a runed translucent door.
  2041 | D:3      | Noticed nujazz's ghost (amateur DsRe)
  2202 | D:3      | Noticed Robin
  2224 | D:3      | Killed Robin
  2234 | D:3      | Reached XP level 6. HP: 6/41 MP: 0/6
  2381 | D:3      | Found a glowing silver altar of Zin.
  2459 | D:3      | Noticed Natasha
  2465 | D:3      | Killed Natasha
  2566 | D:3      | Identified the +0 falchion "Widowermaker" {drain, rPois rC+
                  | Str+3}
  2811 | D:3      | Noticed Natasha
  2816 | D:3      | Killed Natasha
  2842 | D:3      | Noticed Natasha
  2931 | D:3      | Killed Natasha
  2982 | D:3      | Gained mutation: You passively map a small area around you.
                  | [potion of mutation]
  2988 | D:3      | HP: 2/42 [poisoned by nujazz's ghost]
  3092 | D:3      | HP: 2/42 [nujazz's ghost (2)]
  3093 | D:3      | Succumbed to nujazz's ghost's poison

Illustrated notes

Levels and vault maps discovered:
D:1:      lightli_iron_boxes, layout_basic
D:2:      layout_loops_corners, basic_altar, st_stairs_2
D:3:      layout_basic, zin_academy, serial_shops, nicolae_shop_rolling_square,
          ebering_ghost_sewer_d, minivault_14, uniq_robin, uniq_natasha

Skill      XL: |  1  2  3  4  5  6 |
---------------+-------------------+-----
Fighting       | 2 3 |  3.2
Unarmed Combat | 4 |  4.3
Shapeshifting  | 4 |  4.8
Dodging        | |  2.0

Action                     |  1- 3 |  4- 6 || total
---------------------------+-------+-------++-------
  Melee: Dagger            |    34 |   104 ||   138
         Constrict         |     9 |    21 ||    30
         Tentacles         |     9 |    17 ||    26
         Punch             |     1 |     3 ||     4
  Evoke: Wand              |       |     3 ||     3
    Use: Potion            |       |     6 ||     6
   Stab: Sleeping          |     9 |     6 ||    15
         Distracted        |       |     1 ||     1
 Armour: Skin              |       |    46 ||    46
  Dodge: Dodged            |    15 |    42 ||    57

Table legend: (Time is in decaauts)
 A = Elapsed time spent in this place.
 B = Non-inter-level travel time spent in this place.
 C = Inter-level travel time spent in this place.
 D = Time resting spent in this place.
 E = Time spent auto-exploring this place.
 F = Levels seen in this place.
 G = Mean time per level.
                   A        B        C        D        E       F      G
               +--------+--------+--------+--------+--------+-----+--------+
         Total |   3091 |   3009 |     82 |     52 |   2500 |   3 | 1030.3 |
       Dungeon |   3091 |   3009 |     82 |     52 |   2500 |   3 | 1030.3 |
               +--------+--------+--------+--------+--------+-----+--------+

Top non-repeatable levels by time:
     D:3: 1475 daAuts
     D:2: 931 daAuts
     D:1: 684 daAuts
